 Dungeon Crawl Stone Soup version 0.31-b1-18-g61460d1e46 (webtiles) character file.

Game seed: 11777092039671304298

4827 hawla the Gouger (level 10, 0/46 (49) HPs)
             Began as a Felid Shapeshifter on Jan 16, 2024.
             Was an Initiate of Gozag.
             Slain by a wight
             ... wielding a +0 flail
              (5 damage)
             ... on level 7 of the Dungeon.
             The game lasted 00:39:32 (7777 turns).

hawla the Gouger (Felid Shapeshifter)               Turns: 7777, Time: 00:39:34

HP:   0/46 (49)     AC:  2    Str: 14    XL:     10   Next: 25%
MP:   11/11         EV: 23    Int: 15    God:    Gozag
Gold: 468           SH:  0    Dex: 15    Spells: 9/9 levels left
                                        Lives: 0   Deaths: 4

rFire   + .          .
                       - Unarmed
rCold   . . .        (shield unavailable)
rNeg    . . .        (body armour unavailable)
rPois   .            (helmet unavailable)
rElec   .            (cloak unavailable)
rCorr   .            (gloves unavailable)
SInv    +            (boots unavailable)
Will    +....        (no amulet)
Stlth   +            s - ring of protection from fire
HPRegen 0.27/turn    (no ring)
MPRegen 0.12/turn

%: no passive effects
@: flux-form, gold aura, glowing, drained
A: glow, contaminating, very small, claws 1, fangs 3, see invisible, shaggy fur
2, stealthy paws, no weapons or thrown items, no armour, multi-lived
a: Begin Untransformation, Renounce Religion, Potion Petition, Call Merchant,
Bribe Branch


You were on level 7 of the Dungeon.
You worshipped Gozag.
Gozag was aware of your devotion.
You were something dangerously unstable.
You visited 2 branches of the dungeon, and saw 9 of its levels.

You collected 666 gold pieces.
You paid 198 gold pieces to Gozag.

Inventory:

Jewellery
 o - a ring of ice
 s - a ring of protection from fire (left paw)
Talismans
 b - a beast talisman
 c - a flux talisman (active)
 q - a talisman of death
Wands
 i - a wand of charming (3)
 j - a wand of mindburst (37)
Scrolls
 f - 2 scrolls of amnesia
 g - 3 scrolls of teleportation
 m - 3 scrolls of identify
Potions
 a - a potion of mutation
 d - a potion of degeneration
 e - 2 potions of attraction
 h - 3 potions of might
 p - a potion of magic
 t - a potion of brilliance


   Skills:
 - Level 3.0 Fighting
 - Level 6.0 Dodging
 - Level 3.0 Stealth
 + Level 11.3 Unarmed Combat
 - Level 3.0 Evocations
 * Level 7.5 Shapeshifting


You had 9 spell levels left.
You didn't know any spells.
Your spell library contained the following spells:

 Spells                   Type           Power      Damage    Failure   Level
 Cigotuvi's Dreadful Rot  Necr/Alch/Air  0%         N/A       38%         2
 Lesser Beckoning         Tloc           0%         N/A       38%         2
 Gell's Gravitas          Tloc           0%         N/A       63%         3
 Teleport Other           Tloc           0%         N/A       63%         3
 Dispel Undead            Necr           0%         3d6       95%         4
 Martyr's Knell           Necr/Summ      0%         N/A       95%         4
 Summon Forest            Summ/Tloc      0%         N/A       100%        5
 Summon Mana Viper        Hex/Summ       0%         N/A       100%        5
 Death Channel            Necr           0%         N/A       100%        6
 Summon Cactus Giant      Summ           0%         N/A       100%        6


Dungeon Overview and Level Annotations

Branches:
Dungeon (8/15)             Temple (1/1) D:7            Lair (0/5) D:8

Altars:
Ashenzari
Cheibriados
Dithmenos
Elyvilon
Fedhas
Gozag
Hepliaklqana
Kikubaaqudgha
Makhleb
Nemelex Xobeh
Okawaru
Qazlal
Ru
Sif Muna
Trog
Uskayaw
Vehumet
Wu Jian
Xom
Yredelemnul
Zin
The Shining One

Shops:
D:3 (

Annotations:
D:5 Grinder


Innate Abilities, Weirdness & Mutations

You are something dangerously unstable.
You glow with magical radiation, making you easy to see and hit.
Foes you strike become dangerously contaminated with magical radiation.
You have sharp claws.
You have razor-sharp teeth.
You have supernaturally acute eyesight. (SInv)
You are covered in thick fur. (AC +2)
Your paws help you pounce on unaware monsters.
You are incapable of wielding weapons or throwing items.
You cannot wear armour.
You gain extra lives every three experience levels.


Message History

The wight blinks!
You scratch the wight.
The wight begins to glow.
You bite the wight, but do no damage.
The wight is moderately damaged.
The wight completely misses you.
You scratch the wight.
The wight glows dangerously bright.
You bite the wight.
The wight is heavily damaged.
The wight completely misses you.
You completely miss the wight.
The wight is heavily damaged.
The wight hits you with a +0 battleaxe!
You scratch the wight.
The wight shudders as magic cascades through it!
You destroy the wight!
Things that are here:
7 gold pieces; a +0 battleaxe; a +0 robe
Aiming: Mindburst
Press: ? - help, Shift-Dir - straight line, f - wight
Aim: a wight, wielding a +0 scimitar and wearing a +0 scale mail (chance to affect: 76%)
The wight's mind is blasted!!
You blow up the wight!
Your life force feels restored.
You now have 468 gold pieces (gained 7).
Aiming: Mindburst
Press: ? - help, Shift-Dir - straight line, f - wight
Aim: a wight, wielding a +4 hand axe and wearing a +0 robe (chance to affect: 76%)
The wight's mind is blasted!
You blow up the wight!
You scratch the wight.
The wight begins to glow.
The wight is moderately damaged.
The wight hits you with a +0 flail.
You feel drained.
You barely miss the wight.
The wight is moderately damaged.
You scratch the wight.
The wight glows dangerously bright.
You bite the wight.
The wight is heavily damaged.
The wight hits you with a +0 flail!
* * * LOW HITPOINT WARNING * * *
You feel drained.
You die...
Your body crumbles into a pile of gold.

.............# +.....
..............# #.....
#.......)......# #.....
#..............# #.....
#.......)......# #.....
+.............)# #.....
#.!............# ######
#........z..$..##########
#.......p###.............
#....$...# #z$...§...$...
#.....)..# #..$§.§.......
#..[.....# ##'###########
#(.......# #.......z.z..
########## #############
#


You could see a wight (heavy contam).

Vanquished Creatures
  The ghost of occam the Mimic, a novice OpSh of Hepliaklqana (D:6)
  Maggie (D:6)
  Jeremiah (D:6)
  A kobold demonologist (D:6)
  A steam dragon (D:7)
  Edmund (D:6)
  Menkaure (D:5)
  Duvessa (D:5)
  2 ice beasts (D:6)
  2 black bears
  5 centaurs
  2 ogres
  2 phantoms (D:6)
  5 bullfrogs
  The ghost of Jaukkuri the Shooter, an amateur DEHu (D:4)
  5 kobold brigands (D:6)
  A gnoll sergeant (D:5)
  A scorpion (D:5)
  8 wights (D:7)
  Dowan (D:5)
  2 electric eels (D:6)
  2 howler monkeys (D:4)
  An orc priest (D:6)
  2 hounds
  2 jellies
  Ijyb (D:3)
  3 iguanas
  An orc wizard (D:3)
  Robin (D:2)
  8 gnolls
  7 adders
  A white imp (D:7)
  15 orcs
  8 endoplasms
  A giant cockroach (D:3)
  17 goblins
  10 hobgoblins
  7 jackals
  4 quokkas
  8 ball pythons
  5 bats
  4 frilled lizards
  7 kobolds
  5 rats
165 creatures vanquished.

Notes
Turn   | Place    | Note
-------+----------+-------------------------------------------
     0 | D:1      | hawla the Felid Shapeshifter began the quest for the Orb.
     0 | D:1      | Reached XP level 1. HP: 10/10 MP: 2/2
   141 | D:1      | Reached XP level 2. HP: 8/14 MP: 3/3
  1086 | D:2      | Reached XP level 3. HP: 14/18 MP: 4/4
  1347 | D:2      | Noticed Robin
  1381 | D:2      | Killed Robin
  1382 | D:2      | Reached XP level 4. HP: 14/22 MP: 5/5
  1382 | D:2      | Gained a life (2 lives remaining)
  1524 | D:2      | Reached skill level 1 in Stealth
  1614 | D:2      | Found an ancient bone altar of Kikubaaqudgha.
  1863 | D:3      | Noticed Ijyb
  1881 | D:3      | Killed Ijyb
  1882 | D:3      | Reached skill level 4 in Unarmed Combat
  2001 | D:3      | Reached XP level 5. HP: 25/25 MP: 6/6
  2010 | D:3      | Found Inimovid's Antique Weapon Boutique.
  3117 | D:4      | Found a runed translucent door.
  3123 | D:4      | Noticed Jaukkuri's ghost (amateur DEHu)
  3270 | D:4      | Reached skill level 5 in Unarmed Combat
  3270 | D:4      | Gained mutation: You are covered in thick fur. (AC +2)
                  | [Felid growth]
  3270 | D:4      | Reached XP level 6. HP: 8/30 MP: 7/7
  3271 | D:4      | HP: 1/30 [iguana (2)]
  3467 | D:4      | HP: 1/30 [acid (1)]
  3467 | D:4      | Slain by a jelly
  3467 | D:4      | Lost a life (1 life remaining)
  3648 | D:4      | Found a white marble altar of Elyvilon.
  3648 | D:4      | Found a shimmering blue altar of Sif Muna.
  3725 | D:4      | Reached skill level 6 in Unarmed Combat
  3731 | D:4      | Reached XP level 7. HP: 21/33 MP: 8/8
  3731 | D:4      | Gained a life (2 lives remaining)
  3732 | D:4      | Killed Jaukkuri's ghost
  3836 | D:5      | Entered Level 5 of the Dungeon
  3900 | D:5      | Noticed Menkaure
  3903 | D:5      | Killed Menkaure
  3913 | D:5      | Reached skill level 7 in Unarmed Combat
  3937 | D:5      | Noticed Duvessa
  3938 | D:5      | Noticed Dowan
  4026 | D:6      | Found a large runed translucent door.
  4026 | D:6      | Found a large runed translucent door.
  4030 | D:5      | Killed Duvessa
  4031 | D:5      | Reached skill level 1 in Evocations
  4031 | D:5      | Reached XP level 8. HP: 36/38 MP: 9/9
  4056 | D:6      | Reached skill level 5 in Shapeshifting
  4086 | D:6      | Noticed a kobold demonologist
  4096 | D:6      | Noticed a sixfirhy
  4104 | D:6      | Noticed an orange demon
  4120 | D:6      | Noticed a rust devil
  4219 | D:6      | Noticed an orange demon
  4224 | D:6      | Killed a kobold demonologist
  4225 | D:6      | Reached skill level 5 in Dodging
  4225 | D:6      | Reached skill level 8 in Unarmed Combat
  4335 | D:6      | Noticed occam's ghost (novice OpSh)
  4357 | D:5      | Killed Dowan
  4511 | D:5      | Found a glowing golden altar of the Shining One.
  4583 | D:5      | Noticed Grinder
  4592 | D:5      | Mangled by a gnoll sergeant
  4592 | D:5      | Lost a life (1 life remaining)
  4723 | D:5      | Reached XP level 9. HP: 43/43 MP: 10/10
  4984 | D:6      | Noticed Jeremiah
  5197 | D:6      | Noticed Edmund
  5234 | D:6      | Killed Edmund
  5235 | D:6      | Reached skill level 9 in Unarmed Combat
  5356 | D:6      | Killed occam's ghost
  5427 | D:6      | Noticed Maggie
  5438 | D:6      | Killed Maggie
  5439 | D:6      | Reached skill level 10 in Unarmed Combat
  6401 | D:7      | Found a staircase to the Ecumenical Temple.
  6476 | Temple   | Entered the Ecumenical Temple
  6485 | Temple   | Became a worshipper of Gozag Ym Sagoz the Greedy
  6546 | D:8      | Noticed a komodo dragon
  6558 | D:8      | Slain by a komodo dragon
  6558 | D:8      | Lost a life (0 lives remaining)
  6582 | D:8      | Found a shimmering altar of Xom.
  6747 | D:8      | Reached XP level 10. HP: 23/49 MP: 11/11
  6747 | D:8      | Gained a life (1 life remaining)
  7249 | D:7      | Mangled by a wight
  7249 | D:7      | Lost a life (0 lives remaining)
  7504 | D:6      | Killed Jeremiah
  7505 | D:6      | Reached skill level 11 in Unarmed Combat
  7777 | D:7      | Slain by a wight

Illustrated notes

Levels and vault maps discovered:
D:1:      minmay_arrival_five_plusses, layout_loops_corners,
          minmay_stone_trees_small
D:2:      layout_loops_corners, basic_altar, due_unseen_surprise, uniq_robin
D:3:      layout_loops_cross, serial_shops, shop, minmay_quantized, uniq_ijyb
D:4:      layout_loops_ring, gammafunk_temple_overflow_pools,
          ebering_ghost_sewer_d, minmay_fractal_squares_gapless_5
D:5:      layout_basic, tso_altar, serial_curves, eino_curves_01,
          eino_curves_02, skrybe_limestone_x, uniq_duvessa, uniq_menkaure,
          uniq_grinder
D:6:      layout_basic, ebering_ghost_disaster_area, nicolae_lava_and_water,
          grunt_tough_drop, uniq_jeremiah, uniq_maggie, uniq_edmund
D:7:      layout_basic, minmay_temple_entry_from_below_a
D:8:      layout_loops_ring, amcnicky_altar_gilded,
          grunt_lair_entry_orc_guard_hut
Temple:   mainiacjoe_temple_coin_purse

Skill      XL: |  1  2  3  4  5  6  7  8  9 10 |
---------------+-------------------------------+-----
Shapeshifting  | 3 4 5 7 |  7.5
Dodging        | 3 4 6 |  6.0
Stealth        | 1 3 |  3.0
Unarmed Combat | 4 5 6 7 8 10 11 | 11.3
Evocations     | 1 2 3 |  3.0
Fighting       | 2 3 |  3.0

Action                     |  1- 3 |  4- 6 |  7- 9 | 10-12 || total
---------------------------+-------+-------+-------+-------++-------
  Melee: Unarmed           |    81 |   161 |   159 |    44 ||   445
         Bite              |    10 |    12 |    26 |     8 ||    56
         Punch             |     1 |     2 |    12 |     2 ||    17
  Evoke: Wand              |       |     3 |    18 |     8 ||    29
    Use: Scroll            |     3 |     4 |    14 |     3 ||    24
         Potion            |     1 |     4 |     4 |       ||     9
   Stab: Sleeping          |     1 |    13 |     4 |       ||    18
         Distracted        |       |     1 |       |       ||     1
 Armour: Skin              |    25 |    40 |    98 |    20 ||   183
  Dodge: Dodged            |    54 |   105 |   178 |    55 ||   392
   Form: Flux              |       |       |       |     1 ||     1
